cohdb
Replays
Latest Replays
All Replays
Popular Replays
Top Player Replays
Match Explorer
How It Works
Community
CoH3 Stats
Reddit
Sign in to upload your games and track your stats! →
Sign in with Steam
Match 41534186
Unlisted
Match 41534186
Overview
Messages
Build Orders
End
Construct Barracks
Selects Special Operations Battlegroup
Riflemen Squad
Engineer Squad
Riflemen Squad
Air Support Center
Selects M29 Weasel with M1 Pack Howitzer
M29 Weasel with M1 Pack Howitzer
Construct Motor Pool
Grenade Package
Grasshopper Recon Run
Selects Raiding Flares
Riflemen Squad
P-47 Dive Bomb
Grasshopper Recon Run
M8 Greyhound Armored Car
Selects SSF Commando Squad
JuanPi_Art
Кузнец Войны
カルト_くん
Razarak
0
0
Comments
sign in to comment!
No comments posted yet!